 Dungeon Sprint DCSS version 0.26-a0-1213-gd52f5182fe (webtiles) character file.

Game seed: 3065095383684191695

11 rocky1 the Grave Robber (level 2, -1/19 HPs)
             Began as a Demonspawn Necromancer on Dec 31, 2020.
             Was a Follower of Sif Muna.
             Slain by a gnoll
             ... wielding a +0 club
              (2 damage)
             ... in the Dungeon (Sprint VII: "The Pits").
             The game lasted 00:01:28 (314 turns).

rocky1 the Grave Robber (Demonspawn Necromancer)     Turns: 314, Time: 00:01:28

Health: -1/19      AC:  2    Str:  8    XL:     2   Next: 17%
Magic:  1/5        EV: 12    Int: 16    God:    Sif Muna [*.....]
Gold:   0          SH:  0    Dex: 13    Spells: 4/5 levels left

rFire    . . .     SeeInvis .   l - +2 mace
rCold    . . .     Faith    .   (no shield)
rNeg     . . .     Spirit   .   a - +0 robe
rPois    .         Reflect  .   (no helmet)
rElec    .         Harm     .   (no cloak)
rCorr    .         Rampage  .   (no gloves)
Will     .....     NoTele   +   (no boots)
Stlth    ++........             (no amulet)
HPRegen  0.06/turn              (no ring)
MPRegen  0.09/turn              (no ring)

@: no status effects
A: powered by death 1
a: Renounce Religion, Channel Magic


You were in the Dungeon.
You worshipped Sif Muna.
Sif Muna was aware of your devotion.
You visited 1 branch

Inventory:

Hand Weapons
 l - a +2 mace (weapon)
Armour
 a - a +0 robe (worn)
Scrolls
 c - 3 scrolls of remove curse
 h - a scroll of blinking
 i - 5 scrolls of amnesia
 j - a scroll of summoning
Potions
 b - 2 potions of invisibility
 e - a potion of haste
 f - 4 potions of magic
 g - 3 potions of berserk rage


   Skills:
 - Level 1.7 Dodging
 - Level 1.7 Stealth
 - Level 2.0 Spellcasting
 + Level 6.2 Necromancy
 + Level 2.5 Invocations


You had 4 spell levels left.
You knew the following spells:

 Your Spells              Type           Power        Failure   Level
a - Pain                  Necr           84%          1%          1

Your spell library contained the following spells:

 Spells                   Type           Power        Failure   Level
 Animate Skeleton         Necr           42%          1%          1
 Vampiric Draining        Necr           10%          4%          3
 Animate Dead             Necr           10%          16%         4
 Agony                    Necr           21%          41%         5


Dungeon Overview and Level Annotations

Branches:
Dungeon (1/1)

Altars:
Ashenzari
Cheibriados
Dithmenos
Elyvilon
Fedhas
Gozag
Hepliaklqana
Kikubaaqudgha
Makhleb
Nemelex Xobeh
Okawaru
Qazlal
Ru
Sif Muna
Trog
Uskayaw
Vehumet
Wu Jian
Xom
Yredelemnul
Zin
The Shining One
Beogh
Jiyva
Lugonu


Innate Abilities, Weirdness & Mutations

You regenerate a little health from kills.


Message History

The gnoll writhes in agony.
The gnoll misses you.
Unknown command.
Casting: Pain (safe; 1% risk of failure)
Confirm with . or Enter, or press ? or * to list all spells.
Aiming: Pain (safe; 1% risk of failure)
Press: ? - help, Shift-Dir - straight line, f/p - gnoll
Aim: a gnoll, wielding a +0 club (lightly wounded, chance to affect: 86%)
The gnoll writhes in agony!
The gnoll hits you with a +0 club.
Unknown command.
You barely miss the gnoll.
The gnoll is severely wounded.
The gnoll misses you.
You barely miss the gnoll.
The gnoll is severely wounded.
The gnoll hits you with a +0 club!
* * * LOW HITPOINT WARNING * * *
You barely miss the gnoll.
The gnoll is severely wounded.
The gnoll hits you with a +0 club.
You die...

_________.#
_______...###########+
##########'##..........
#.?(.')))'.##......#..#
##########.##..........
#..........รท'..........
#+#####'#####......#..#
#..#..#..##..........
#.)g@.'..#####'#####+
##+####+###.......#
#.......# #.......#
#...<...# #.......#
#.......# #.......#
#########


You could see a gnoll.

Vanquished Creatures
  An orc (D)
  2 hobgoblins (D)
  5 jackals (D)
8 creatures vanquished.

Notes
Turn   | Place    | Note
-------+----------+-------------------------------------------
     0 | D        | rocky1 the Demonspawn Necromancer began the quest for the
                  | Orb.
     0 | D        | Reached XP level 1. HP: 13/13 MP: 3/3
    13 | D        | Reached skill level 5 in Necromancy
    42 | D        | Found a bloodstained altar of Trog.
    42 | D        | Found a shimmering blue altar of Sif Muna.
    42 | D        | Found a viscous altar of Jiyva.
    42 | D        | Found a hazy altar of Hepliaklqana.
    42 | D        | Found an opulent altar of Gozag.
    43 | D        | Found a glowing golden altar of the Shining One.
    43 | D        | Found a glowing silver altar of Zin.
    43 | D        | Found a basalt altar of Yredelemnul.
    43 | D        | Found a shimmering altar of Xom.
    43 | D        | Found an ornate altar of the Wu Jian Council.
    43 | D        | Found a sacrificial altar of Ru.
    43 | D        | Found a stormy altar of Qazlal.
    43 | D        | Found an iron altar of Okawaru.
    43 | D        | Found a sparkling altar of Nemelex Xobeh.
    43 | D        | Found a burning altar of Makhleb.
    43 | D        | Found a blossoming altar of Fedhas.
    43 | D        | Found a white marble altar of Elyvilon.
    43 | D        | Found a shadowy altar of Dithmenos.
    43 | D        | Found a snail-covered altar of Cheibriados.
    46 | D        | Found a corrupted altar of Lugonu.
    46 | D        | Found a radiant altar of Vehumet.
    46 | D        | Found a roughly hewn altar of Beogh.
    47 | D        | Found an ancient bone altar of Kikubaaqudgha.
    47 | D        | Found a hide-covered altar of Uskayaw.
    47 | D        | Found a broken altar of Ashenzari.
    48 | D        | Became a worshipper of Sif Muna the Loreminder
   211 | D        | Reached skill level 1 in Invocations
   246 | D        | Reached * piety under Sif Muna
   247 | D        | Reached skill level 6 in Necromancy
   247 | D        | Gained mutation: You regenerate a little health from kills.
                  | [demonic ancestry]
   247 | D        | Reached XP level 2. HP: 13/19 MP: 1/5
   314 | D        | Slain by a gnoll

Illustrated notes

Levels and vault maps discovered:
D:        pitsprint [storerooms_1, entrance_room_1, metal_vault_3, armoury_1,
          mini_pit_1, grid_room_1, main_hall_1, silver_pit, the_coven_3,
          the_vestibule_1, steel_vault_1, golden_pit, hallway_of_sentries,
          crystal_vault_2, iron_vault_4, final_vault]

Skill      XL: |  1 |
---------------+----+-----
Necromancy     | 6 |  6.2
Invocations    | 2 |  2.5
Dodging        | |  1.7
Stealth        | |  1.7
Spellcasting   | |  2.0

Action                   || total
-------------------------++-------
Melee: Unarmed           ||    19
       Mace              ||     9
 Cast: Pain              ||    14
  Use: Potion            ||     2
Armor: Robe              ||     4
Dodge: Dodged            ||    41

Table legend: (Time is in decaauts)
 A = Elapsed time spent in this place.
 B = Non-inter-level travel time spent in this place.
 C = Inter-level travel time spent in this place.
 D = Time resting spent in this place.
 E = Time spent auto-exploring this place.
 F = Levels seen in this place.
 G = Mean time per level.
                   A        B        C        D        E       F      G
               +--------+--------+--------+--------+--------+-----+--------+
         Total |    316 |    316 |      0 |    187 |      0 |   1 |  316.0 |
       Dungeon |    316 |    316 |      0 |    187 |      0 |   1 |  316.0 |
               +--------+--------+--------+--------+--------+-----+--------+

Top non-repeatable levels by time:
       D: 316 daAuts
